 Dungeon Crawl Stone Soup version 0.31.0-32-g396128a36d (webtiles) character file.

Game seed: 5826567430572478578

46 BurgerDrawz the Slasher (level 3, -1/29 HPs)
             Began as a Human Cinder Acolyte on Mar 25, 2024.
             Was a High Priest of Ignis.
             Slain by an iguana (5 damage)
             ... on level 2 of the Dungeon.
             The game lasted 00:09:51 (1103 turns).

BurgerDrawz the Slasher (Human Cinder Acolyte)      Turns: 1103, Time: 00:09:51

Health: -1/29      AC:  5    Str: 16    XL:     3   Next: 68%
Magic:  4/4        EV: 10    Int: 14    God:    Ignis [*****.]
Gold:   34         SH:  0    Dex:  8    Spells: 2/4 levels left

rFire   + . .        g - staff of conjuration
rCold   . . .        (no shield)
rNeg    . . .        f - +0 ring mail
rPois   .            (no helmet)
rElec   .            (no cloak)
rCorr   .            (no gloves)
SInv    .            (no boots)
Will    .....        (no amulet) Stlth
                     (no ring)
HPRegen 0.24/turn    (no ring)
MPRegen 0.09/turn

%: no passive effects
@: no status effects
A: explore regen
a: Renounce Religion, Fiery Armour, Foxfire Swarm, Rising Flame


You were on level 2 of the Dungeon.
You worshipped Ignis.
Ignis was extremely pleased with you.
You visited 1 branch of the dungeon, and saw 2 of its levels.

You collected 34 gold pieces.

Inventory:

Hand Weapons
 a - a -1 falchion of flaming
 e - a +0 club
 k - a +1 short sword of freezing
Missiles
 i - 14 stones (quivered)
Armour
 b - a +0 robe
 f - a +0 ring mail (worn)
Magical Staves
 g - a staff of conjuration (weapon)
Scrolls
 d - a scroll of fear {unknown}
 h - a scroll of identify {unknown}
Potions
 c - a potion of curing {unknown}
 j - a potion of lignification {unknown}


   Skills:
 + Level 3.2 Fighting
 + Level 3.5 Long Blades
 + Level 0.1 Staves
 + Level 1.0 Armour
 + Level 0.7 Dodging
 + Level 1.0 Spellcasting
 + Level 3.4 Fire Magic


You had 2 spell levels left.
You knew the following spells:

 Your Spells              Type           Power      Damage    Failure   Level
a - Scorch                Fire           20%        2d5       19%         2

Your spell library contained the following spells:

 Spells                   Type           Power      Damage    Failure   Level


Dungeon Overview and Level Annotations

Branches:
Dungeon (2/15)

Altars:


Innate Abilities, Weirdness & Mutations

You regain HP and MP as you explore.


Message History

The jackal bites you but does no damage. x2
You hit the jackal.
You kill the jackal!
The ball python bites you but does no damage.
The ball python grabs you. The ball python constricts you.
Your Armour skill increases to level 1!
You closely miss the ball python.
The ball python bites you but does no damage.
The ball python constricts you.
You hit the ball python but do no damage.
The ball python barely misses you. The ball python constricts you.
The ball python bites you. The ball python constricts you.
You hit the ball python.
The ball python is severely wounded.
The ball python bites you. The ball python constricts you.
You closely miss the ball python.
The ball python is severely wounded.
The ball python barely misses you. The ball python constricts you.
The ball python bites you but does no damage.
The ball python constricts you.
You hit the ball python.
You kill the ball python!
Items here: †††††.
You start resting.
HP restored.
Found an escape hatch in the floor.
There is an escape hatch in the floor here.
You see here a +0 leather armour.
There is a stone staircase leading down here.
You climb downwards.
There is a stone staircase leading up here.
An iguana comes into view.
You barely miss the iguana. The iguana bites you.
You closely miss the iguana. The iguana bites you.
You closely miss the iguana. The iguana barely misses you.
You hit the iguana but do no damage. The iguana closely misses you.
You hit the iguana but do no damage. The iguana bites you! x2
* * * LOW HITPOINT WARNING * * *
The iguana bites you.
You die...

#.# #.# ... #.#
#.# #.# #.#
############l#
...........@.#.#
###<.......#
##########


You could see an iguana.

Vanquished Creatures
  5 dart slugs (D:1)
  4 bats (D:1)
  3 endoplasms (D:1)
  2 goblins (D:1)
  2 hobgoblins (D:1)
  3 jackals (D:1)
  6 kobolds (D:1)
  A quokka (D:1)
  5 ball pythons (D:1)
  2 rats (D:1)
33 creatures vanquished.

Notes
Turn   | Place    | Note
-------+----------+-------------------------------------------
     0 | D:1      | BurgerDrawz the Human Cinder Acolyte began the quest for
                  | the Orb.
     0 | D:1      | Reached XP level 1. HP: 18/18 MP: 2/2
   232 | D:1      | Reached XP level 2. HP: 24/24 MP: 3/3
   464 | D:1      | Reached XP level 3. HP: 26/29 MP: 4/4
   539 | D:1      | Learned a level 2 spell: Scorch
   596 | D:1      | Found a faded altar of an unknown god.
   977 | D:1      | Reached skill level 1 in Armour
  1103 | D:2      | Slain by an iguana

Illustrated notes

Levels and vault maps discovered:
D:1:      heliophobic_arrival_enchanted_forest, layout_basic,
          ebering_ecumenical_altar_rust
D:2:      layout_basic

Skill      XL: |  1  2  3 |
---------------+----------+-----
Armour         | 1 |  1.0
Fighting       | |  3.2
Long Blades    | |  3.5
Staves         | |  0.1
Dodging        | |  0.7
Spellcasting   | |  1.0
Fire Magic     | |  3.4

Action                     || total
---------------------------++-------
  Melee: Falchion          ||    50
         Punch             ||     2
         Staff             ||    97
  Throw: Stone             ||     7
   Cast: Scorch            ||     2
 Armour: Robe              ||     8
         Ring mail         ||   113
  Dodge: Dodged            ||    95
